3L
PANAMA CITY PIRANHAS @ ECHO PARK LAKERS
07/21/2034
 
TOP OF THE 1ST
Panama City Piranhas batting - Pitching for Echo Park Lakers : RHP Mark Collingwood
Pitching: RHP Mark Collingwood
Batting: LHB Jordan Westacott 0-0: Called Strike
0-1: Ball
1-1: Called Strike
1-2: Ball
2-2: Ground out 4-3 (Groundball, 4M)
Batting: LHB Murray Sperber 0-0: Swinging Strike
0-1: Ground out 4-3 (Groundball, 4)
Batting: RHB Tak-hing Huang 0-0: Fly out, F9 (Line Drive, 9)
Top of the 1st over - 0 runs, 0 hits, 0 errors, 0 left on base; Panama City 0 - Echo Park 0
BOTTOM OF THE 1ST
Echo Park Lakers batting - Pitching for Panama City Piranhas : RHP Pedro Ramírez
Pitching: RHP Pedro Ramírez
Batting: SHB Toby Sutton 0-0: Bunt missed!
0-1: Swinging Strike
0-2: Ball
1-2: Ball
2-2: Strikes out looking
Batting: RHB Félix Romero 0-0: Ball
1-0: Foul Ball, location: 2F
1-1: Foul Ball, location: 2F
1-2: Ball
2-2: Foul Ball, location: 2F
2-2: Foul Ball, location: 2F
2-2: Strikes out swinging
Batting: RHB Guillermo Coss 0-0: Foul Ball, location: 2F
0-1: SINGLE (Groundball, 4MD)
Batting: LHB Rich Watkins 0-0: Called Strike
0-1: Ball
1-1: Called Strike
1-2: Fly out, F3 (Popup, 23F)
Bottom of the 1st over - 0 runs, 1 hit, 0 errors, 1 left on base; Panama City 0 - Echo Park 0
TOP OF THE 2ND
Panama City Piranhas batting - Pitching for Echo Park Lakers : RHP Mark Collingwood
Batting: RHB Mike Strickland 0-0: Ball
1-0: Foul Ball, location: 2F
1-1: Ground out 4-3 (Groundball, 4S)
Batting: SHB Tom Dickinson Error on foul ball, E7
0-1: Ball
1-1: Called Strike
1-2: Ground out 4-3 (Groundball, 4)
Batting: RHB Sergio Ortíz 0-0: Ball
1-0: Fly out, F9 (Flyball, 89S)
Top of the 2nd over - 0 runs, 0 hits, 1 error, 0 left on base; Panama City 0 - Echo Park 0
BOTTOM OF THE 2ND
Echo Park Lakers batting - Pitching for Panama City Piranhas : RHP Pedro Ramírez
Batting: RHB Chris Harrell 0-0: Fly out, F5 (Popup, 5SF)
Batting: RHB Gabriel Maldonado 0-0: Called Strike
0-1: Ball
1-1: Ball
2-1: Ball
3-1: Swinging Strike
3-2: Fly out, F9 (Flyball, 9)
Batting: RHB Xavier Pérez 0-0: Foul Ball, location: 2F
0-1: Called Strike
0-2: Strikes out swinging, 2-3 out at first.
Bottom of the 2nd over - 0 runs, 0 hits, 0 errors, 0 left on base; Panama City 0 - Echo Park 0
TOP OF THE 3RD
Panama City Piranhas batting - Pitching for Echo Park Lakers : RHP Mark Collingwood
Batting: LHB John Hansen 0-0: Called Strike
0-1: Foul Ball, location: 2F
0-2: Ball
1-2: Foul Ball, location: 2F
1-2: Strikes out swinging
Batting: RHB Micah Coffey 0-0: Ball
1-0: Swinging Strike
1-1: Swinging Strike
1-2: Strikes out swinging
Batting: RHB David Austin 0-0: Ball
1-0: Swinging Strike
1-1: Called Strike
1-2: Foul Ball, location: 2F
1-2: Strikes out swinging
Top of the 3rd over - 0 runs, 0 hits, 0 errors, 0 left on base; Panama City 0 - Echo Park 0
BOTTOM OF THE 3RD
Echo Park Lakers batting - Pitching for Panama City Piranhas : RHP Pedro Ramírez
Batting: RHB Freddy Torres 0-0: Ball
1-0: Swinging Strike
1-1: SINGLE (Groundball, 56D)
Batting: SHB Rodolphe Nairn 0-0: Swinging Strike
0-1: Ball
1-1: Ball
2-1: Foul Ball, location: 2F
2-2: Strikes out swinging
Batting: SHB Toby Sutton 0-0: Called Strike
0-1: Ball
1-1: Ball
2-1: Foul Ball, location: 2F
2-2: Ball
3-2: DOUBLE (Line Drive, 9D)
Freddy Torres to third
Freddy Torres scores
Batting: RHB Félix Romero 0-0: Ball
1-0: SINGLE (Groundball, 4MD)
Toby Sutton to third
Runner from 3rd tries for Home, SAFE, throw made home
Now in LF: Ed Lastinger
Batting: RHB Guillermo Coss 0-0: Foul Ball, location: 2F
0-1: Fly out, F3 (Line Drive, 3)
Batting: LHB Rich Watkins 0-0: Fly out, F8 (Flyball, 8LM)
Bottom of the 3rd over - 2 runs, 3 hits, 0 errors, 1 left on base; Panama City 0 - Echo Park 2
TOP OF THE 4TH
Panama City Piranhas batting - Pitching for Echo Park Lakers : RHP Mark Collingwood
Batting: LHB Jordan Westacott 0-0: Called Strike
0-1: Ball
1-1: Ball
2-1: Foul Ball, location: 2F
2-2: Ball
3-2: Ground out 6-3 (Groundball, 6)
Batting: RHB Ed Lastinger 0-0: Ball
1-0: Ground out 4-3 (Groundball, 4M)
Batting: RHB Tak-hing Huang 0-0: Ball
1-0: Ball
2-0: Ball
3-0: Called Strike
3-1: Called Strike
3-2: Strikes out looking
Top of the 4th over - 0 runs, 0 hits, 0 errors, 0 left on base; Panama City 0 - Echo Park 2
BOTTOM OF THE 4TH
Echo Park Lakers batting - Pitching for Panama City Piranhas : RHP Pedro Ramírez
Batting: RHB Chris Harrell 0-0: Fly out, F7 (Flyball, 7)
Batting: RHB Gabriel Maldonado 0-0: Ball
1-0: Foul Ball, location: 2F
1-1: Foul Ball, location: 2F
1-2: Ball
2-2: SINGLE (Groundball, 6S) (infield hit)
Batting: RHB Xavier Pérez 0-0: Fly out, F9 (Flyball, 9LDF)
Batting: RHB Freddy Torres 0-0: Ball
1-0: Fielders Choice at 2nd, 6-4 (Groundball, 6)
Bottom of the 4th over - 0 runs, 1 hit, 0 errors, 1 left on base; Panama City 0 - Echo Park 2
TOP OF THE 5TH
Panama City Piranhas batting - Pitching for Echo Park Lakers : RHP Mark Collingwood
Batting: RHB Mike Strickland 0-0: Ball
1-0: Ball
2-0: Ball
3-0: Called Strike
3-1: Base on Balls
Batting: SHB Tom Dickinson 0-0: Called Strike
0-1: Ball
1-1: Foul Ball, location: 2F
1-2: Foul Ball, location: 2F
1-2: Foul Ball, location: 2F
1-2: Foul Ball, location: 2F
1-2: Ball
2-2: DOUBLE (Line Drive, 89D)
Mike Strickland to third
Batting: RHB Sergio Ortíz 0-0: Ground out 4-3 (Groundball, 4)
Batting: LHB John Hansen 0-0: Fly out, F4 (Line Drive, 34)
Batting: RHB Micah Coffey 0-0: Swinging Strike
0-1: Ball
1-1: Ball
2-1: Foul Ball, location: 2F
2-2: Strikes out swinging
Top of the 5th over - 0 runs, 1 hit, 0 errors, 2 left on base; Panama City 0 - Echo Park 2
BOTTOM OF THE 5TH
Echo Park Lakers batting - Pitching for Panama City Piranhas : RHP Pedro Ramírez
Batting: SHB Rodolphe Nairn 0-0: Called Strike
0-1: Ball
1-1: Ball
2-1: Called Strike
2-2: Ground out U3 (Groundball, 3)
Batting: SHB Toby Sutton 0-0: TRIPLE (Flyball, 89XD)
Batting: RHB Félix Romero 0-0: Ball
1-0: Ball
2-0: Called Strike
2-1: Swinging Strike
2-2: Ball
3-2: Ground out 6-3 (Groundball, 56)
Toby Sutton scores
Batting: RHB Guillermo Coss 0-0: Ball
1-0: Fly out, F6 (Line Drive, 6)
Bottom of the 5th over - 1 run, 1 hit, 0 errors, 0 left on base; Panama City 0 - Echo Park 3
TOP OF THE 6TH
Panama City Piranhas batting - Pitching for Echo Park Lakers : RHP Mark Collingwood
Batting: RHB David Austin 0-0: Foul Ball, location: 2F
0-1: Ball
1-1: Ball
2-1: Ball
3-1: Base on Balls
Batting: LHB Jordan Westacott 0-0: Called Strike
0-1: Ball
1-1: SINGLE (Groundball, 34D)
David Austin to second
Runner from 2nd tries for 3rd, SAFE, throw made to third
Batting: RHB Ed Lastinger 0-0: Called Strike
0-1: Ball
1-1: Foul Ball, location: 2F
1-2: Strikes out swinging
Pitching: RHP Stef Dijkman
Batting: RHB Tak-hing Huang 0-0: Ball
1-0: Ball
2-0: Fly out, F9 (Flyball, 9LM)
Runner from 3rd tags up, SCORES, throw made
Batting: RHB Mike Strickland 0-0: Ground out 4-3 (Groundball, 4)
Top of the 6th over - 1 run, 1 hit, 0 errors, 1 left on base; Panama City 1 - Echo Park 3
BOTTOM OF THE 6TH
Echo Park Lakers batting - Pitching for Panama City Piranhas : RHP Pedro Ramírez
Batting: LHB Rich Watkins 0-0: Ball
1-0: Ball
2-0: Ball
3-0: Base on Balls
Batting: RHB Chris Harrell 0-0: Called Strike
0-1: Ball
1-1: Grounds into double play, 5-4-3 (Groundball, 56)
Batting: RHB Gabriel Maldonado 0-0: Foul Ball, location: 2F
0-1: Ball
1-1: Ball
2-1: Foul Ball, location: 2F
2-2: Ball
3-2: Base on Balls
Batting: RHB Xavier Pérez 0-0: Ball
1-0: Ball
2-0: Called Strike
2-1: Fly out, F9 (Flyball, 89D)
Bottom of the 6th over - 0 runs, 0 hits, 0 errors, 1 left on base; Panama City 1 - Echo Park 3
TOP OF THE 7TH
Panama City Piranhas batting - Pitching for Echo Park Lakers : RHP Stef Dijkman
Batting: SHB Tom Dickinson 0-0: Ball
1-0: Ball
2-0: Ball
3-0: Called Strike
3-1: Ground out 6-3 (Groundball, 6)
Batting: RHB Sergio Ortíz 0-0: Ball
1-0: Foul Ball, location: 2F
1-1: Foul Ball, location: 2F
1-2: SINGLE (Groundball, 56D)
Batting: LHB John Hansen 0-0: Called Strike
0-1: Ball
1-1: Swinging Strike
1-2: Ball
2-2: 2-RUN HOME RUN (Flyball, 9D), Distance : 405 ft
Pitching: RHP Curt Orser
Batting: RHB Micah Coffey 0-0: Ball
1-0: Called Strike
1-1: Foul Ball, location: 2F
1-2: Ball
2-2: Strikes out looking
Batting: RHB David Austin 0-0: Called Strike
0-1: Ball
1-1: Swinging Strike
1-2: Ball
2-2: Ball
3-2: Fly out, F9 (Line Drive, 9S)
Top of the 7th over - 2 runs, 2 hits, 0 errors, 0 left on base; Panama City 3 - Echo Park 3
BOTTOM OF THE 7TH
Echo Park Lakers batting - Pitching for Panama City Piranhas : RHP Pedro Ramírez
Batting: RHB Freddy Torres 0-0: Ball
1-0: Ball
2-0: Ball
3-0: Called Strike
3-1: Called Strike
3-2: Foul Ball, location: 2F
3-2: Foul Ball, location: 2F
3-2: Fly out, F7 (Flyball, 7)
Pitching: RHP Ricky O'Toole
Batting: SHB Rodolphe Nairn 0-0: Ball
1-0: Ball
2-0: DOUBLE (Flyball, 89D)
Batting: SHB Toby Sutton 0-0: Called Strike
0-1: Called Strike
0-2: Ball
1-2: Foul Ball, location: 2F
1-2: Foul Ball, location: 2F
1-2: Fly out, F8 (Line Drive, 8RD)
Runner from 2nd tags up, SAFE at 3rd with throw
Batting: RHB Félix Romero 0-0: Ball
1-0: Ball
2-0: Ball
3-0: Base on Balls
Pitching: RHP Greg Rook
Batting: RHB Guillermo Coss 0-0: Called Strike
0-1: Swinging Strike
0-2: SINGLE (Line Drive, 78M)
Rodolphe Nairn scores
Félix Romero to second
Batting: LHB Rich Watkins 0-0: Foul Ball, location: 2F
0-1: Swinging Strike
0-2: Ball
1-2: Strikes out swinging
Bottom of the 7th over - 1 run, 2 hits, 0 errors, 2 left on base; Panama City 3 - Echo Park 4
TOP OF THE 8TH
Panama City Piranhas batting - Pitching for Echo Park Lakers : RHP Curt Orser
Now at 1B: Chris Etheridge
Batting: LHB Jordan Westacott 0-0: Foul Ball, location: 2F
0-1: SINGLE (Groundball, 6MD)
Pitching: RHP Corbin Holling
Batting: RHB Ed Lastinger 0-0: Bunted foul
0-1: Ball
1-1: Ball
2-1: Ball
3-1: Sac Bunt - play at first, batter OUT! 1-4
Jordan Westacott to second
Batting: RHB Tak-hing Huang 0-0: Ball
1-0: Foul Ball, location: 2F
1-1: Ball
2-1: Foul Ball, location: 2F
2-2: Fly out, F8 (Flyball, 8RD)
Batting: RHB Mike Strickland 0-0: Ball
1-0: Ball
2-0: SINGLE (Groundball, 4MD)
Jordan Westacott to third
Runner from 3rd tries for Home, SAFE, throw made home
Batting: SHB Tom Dickinson 0-0: Ball
1-0: Fly out, F9 (Flyball, 9LS)
Top of the 8th over - 1 run, 2 hits, 0 errors, 1 left on base; Panama City 4 - Echo Park 4
BOTTOM OF THE 8TH
Echo Park Lakers batting - Pitching for Panama City Piranhas : RHP Greg Rook
Batting: RHB Chris Harrell 0-0: Foul Ball, location: 2F
0-1: Ball
1-1: Ball
2-1: Ball
3-1: Fly out, F3 (Popup, 3F)
Batting: RHB Gabriel Maldonado 0-0: Ball
1-0: Ball
2-0: Foul Ball, location: 2F
2-1: Ball
3-1: Base on Balls
Batting: RHB Xavier Pérez 0-0: Called Strike
0-1: Called Strike
0-2: Foul Ball, location: 2F
0-2: Ball
1-2: Ball
2-2: SINGLE (Line Drive, 9S)
Gabriel Maldonado to second
Batting: RHB Freddy Torres 0-0: Ball
1-0: Sac Bunt - play at first, batter OUT! 2-4
Gabriel Maldonado to third
Xavier Pérez to second
Pinch Hitting: RHB Manuel Guillama 0-0: Called Strike
0-1: Ball
1-1: Ground out 1-3 (Groundball, 13)
Bottom of the 8th over - 0 runs, 1 hit, 0 errors, 2 left on base; Panama City 4 - Echo Park 4
TOP OF THE 9TH
Panama City Piranhas batting - Pitching for Echo Park Lakers : RHP Corbin Holling
Pitching: RHP Jeffery Prosser
Now in CF: Ken Gardner
Batting: RHB Sergio Ortíz 0-0: Ball
1-0: Swinging Strike
1-1: Called Strike
1-2: SINGLE (Line Drive, 5L)
Pinch Runner at 1st Petri Kallio:
Batting: LHB John Hansen 0-0: Ball
1-0: Sac Bunt - play at first, batter OUT! 2-4
Petri Kallio to second
Batting: RHB Micah Coffey 0-0: Intentional Walk
Pinch Hitting: RHB Quindarious Monday 0-0: Fly out, F8 (Flyball, 78M)
Batting: LHB Jordan Westacott 0-0: Ball
1-0: Ball
2-0: SINGLE (Groundball, 3D)
Petri Kallio to third
Micah Coffey to second
Runner from 3rd tries for Home, SAFE, throw made home
Batting: RHB Ed Lastinger 0-0: Called Strike
0-1: Ball
1-1: Ball
2-1: Called Strike
2-2: Foul Ball, location: 2F
2-2: Ball
3-2: Ground out U3 (Groundball, 34)
Top of the 9th over - 1 run, 2 hits, 0 errors, 2 left on base; Panama City 5 - Echo Park 4
BOTTOM OF THE 9TH
Echo Park Lakers batting - Pitching for Panama City Piranhas : RHP Greg Rook
Pitching: LHP Joe Khokar
Now at C: António Ramos
Now at 2B: Petri Kallio
Now at 3B: Quindarious Monday
Batting: SHB Toby Sutton 0-0: Called Strike
0-1: Foul Ball, location: 2F
0-2: Ground out 5-3 (Groundball, 56)
Batting: LHB Chris Etheridge 0-0: Called Strike
0-1: SINGLE (Groundball, 34D)
Batting: RHB Guillermo Coss 0-0: Ball
1-0: Called Strike
1-1: Fielders Choice at 2nd, 5-4 (Groundball, 56)
Batting: LHB Rich Watkins 0-0: Called Strike
0-1: Ball
1-1: Swinging Strike
1-2: Strikes out swinging
Bottom of the 9th over - 0 runs, 1 hit, 0 errors, 1 left on base; Panama City 5 - Echo Park 4
Friday, March 29th, 2019 - OOTP Baseball 18.8 Build 76